 Dungeon Crawl Stone Soup version 0.26.1-11-gd32895ea62 (webtiles) character file.

Game seed: 14287618603401959443

199470 bigdumb the Warrior (level 17, -4/184 HPs)
             Began as a Purple Draconian Fighter on June 15, 2021.
             Killed from afar by Lyfunof's ghost (37 damage)
             ... with a lance of force
             ... on level 2 of the Shoals.
             The game lasted 01:18:55 (37324 turns).

bigdumb the Warrior (Purple Draconian Fighter)     Turns: 37324, Time: 01:18:56

Health: -4/184     AC: 11    Str: 23    XL:     17   Next: 84%
Magic:  17/17      EV: 22    Int:  9    God:
Gold:   457        SH: 25    Dex: 11    Spells: 16/16 levels left

rFire    + + .     SeeInvis .   G - +8 demon trident "Rift" {distort, reach+}
rCold    + . .     Faith    .   w - +0 tower shield {rF+}
rNeg     . . .     Spirit   .   (armour unavailable)
rPois    +         Reflect  +   b - +0 hat
rElec    .         Harm     .   p - scarf {rC+ rF+}
rCorr    .         Rampage  .   I - +1 pair of gloves
Will     ++...                  (no boots)
Stlth    +.........             g - amulet of reflection
HPRegen  0.40/turn              f - +4 ring of evasion
MPRegen  0.15/turn              Q - ring of poison resistance

@: no status effects
A: breathe power, unfitting armour, dopey 1, robust 1, cold-blooded, AC +9
}: 1/15 runes: serpentine
a: Breathe Dispelling Energy


You were on level 2 of the Shoals.
You visited 6 branches of the dungeon, and saw 29 of its levels.
You also visited: Sewer.

You collected 4834 gold pieces.
You spent 4377 gold pieces at shops.

Inventory:

Hand Weapons
 o - a +0 war axe
 G - the +8 demon trident "Rift" (weapon) {distort, reach+}
   (You bought it in a shop on level 11 of the Dungeon)

   It warps and distorts space around it.
   Unwielding it can cause banishment or high damage.
Armour
 b - a +0 hat (worn)
 p - a scarf of resistance (worn)
 q - a +1 tower shield
 w - a +0 tower shield of fire resistance (worn)
 I - a +1 pair of gloves (worn)
Jewellery
 f - a +4 ring of evasion (left hand)
 g - an amulet of reflection (around neck)
 u - an uncursed ring of positive energy
 D - an uncursed ring of resist corrosion
 E - an uncursed ring of stealth
 Q - a ring of poison resistance (right hand)
Wands
 c - a wand of random effects (79)
 d - a wand of enslavement (38)
 t - a wand of paralysis (25)
 v - a wand of acid (28)
 x - a wand of iceblast (31)
 C - a wand of digging (19)
 L - a wand of polymorph (12)
 O - a wand of disintegration (14)
 P - a wand of flame (29)
Scrolls
 a - 5 scrolls of amnesia
 h - 18 scrolls of identify
 i - 7 scrolls of fog
 k - 14 scrolls of remove curse
 l - a scroll of fear
 m - 7 scrolls of enchant armour
 n - 10 scrolls of magic mapping
 r - 4 scrolls of blinking
 H - 2 scrolls of enchant weapon
 J - 4 scrolls of immolation
 S - a scroll of teleportation
Potions
 e - 6 potions of curing
 j - 4 potions of lignification
 s - 4 potions of might
 z - 2 potions of resistance
 A - 2 potions of brilliance
 B - 2 potions of flight
 K - 2 potions of attraction
 M - a potion of heal wounds
 R - a potion of cancellation
Miscellaneous
 F - a phial of floods


   Skills:
 + Level 19.0 Fighting
 + Level 16.6 Polearms
 * Level 15.2 Dodging
 + Level 15.7 Shields


You had 16 spell levels left.
You didn't know any spells.
Your spell library contained the following spells:

 Spells                   Type           Power        Failure   Level
 Animate Skeleton         Necr           0%           80%         1
 Corona                   Hex            0%           80%         1
 Magic Dart               Conj           0%           80%         1
 Pain                     Necr           0%           80%         1
 Shock                    Conj/Air       0%           80%         1
 Summon Small Mammal      Summ           0%           80%         1
 Blink                    Tloc           N/A          90%         2
 Call Imp                 Summ           0%           90%         2
 Ensorcelled Hibernation  Hex/Ice        0%           90%         2
 Slow                     Hex            0%           90%         2
 Swiftness                Air            0%           90%         2
 Call Canine Familiar     Summ           0%           99%         3
 Confusing Touch          Hex            0%           99%         3
 Conjure Flame            Conj/Fire      0%           99%         3
 Dazzling Flash           Conj/Hex       0%           99%         3
 Mephitic Cloud           Conj/Pois/Air  0%           99%         3
 Static Discharge         Conj/Air       0%           99%         3
 Summon Guardian Golem    Hex/Summ       0%           99%         3
 Tukima's Dance           Hex            0%           99%         3
 Vampiric Draining        Necr           0%           99%         3
 Airstrike                Air            0%           100%        4
 Animate Dead             Necr           0%           100%        4
 Summon Ice Beast         Ice/Summ       0%           100%        4
 Summon Lightning Spire   Summ/Air       0%           100%        4
 Agony                    Necr           0%           100%        5
 Lightning Bolt           Conj/Air       0%           100%        5


Dungeon Overview and Level Annotations

Branches:
Dungeon (15/15)            Temple (1/1) D:7            Lair (6/6) D:10
 Shoals (2/4) Lair:2        Snake (4/4) Lair:3        Slime (0/5) Lair:6
    Orc (0/2) D:11         Vaults (0/5) D:13         Depths (1/5) D:15
  Sewer (visited)

Altars:
Ashenzari
Cheibriados
Dithmenos
Elyvilon
Fedhas
Gozag
Kikubaaqudgha
Makhleb
Okawaru
Qazlal
Ru
Sif Muna
Trog
Uskayaw
Vehumet
Wu Jian
Xom
Zin
The Shining One
Jiyva
Lugonu

Shops:
D:8 *   D:10 [   D:11 (}?   Snake:2 *   Snake:3 *=::

Portals:
Abyss: Lair:3

Annotations:
D:7 3 runed translucent doors, Diggabert's ghost, amateur MfFi
D:11 1 runed translucent door, Ekaitz's ghost, journeyman DsFE
Shoals:2 1 transporter, Lyfunof's ghost, adept DrFE
Abyss:1 Aizul


Innate Abilities, Weirdness & Mutations

You can breathe bolts of dispelling energy.
Your rich purple scales are hard. (AC +9)
You cannot fit into any form of body armour.
You are cold-blooded and may be slowed by cold attacks.
You are dopey. (Int -2)
You are robust. (+10% HP)


Message History

The faun wields a +0 spectral quarterstaff.
The faun closely misses you.
The faun draws out its weapon's spirit!
You barely miss the sea snake.
The sea snake is almost dead.
You block the sea snake's attack.
Lyfunof's ghost gestures at you while chanting.
The puff of flame hits you. You resist.
* * * LOW HITPOINT WARNING * * *
You block the snapping turtle's attack.
You puncture the sea snake!
You kill the sea snake!
You block the faun's attack.
You closely miss the spectral weapon. You block the spectral weapon's attack.
You block Lyfunof's ghost's attack.
The snapping turtle bites you from afar!!
* * * LOW HITPOINT WARNING * * *
You closely miss the spectral weapon. You block the faun's attack.
Lyfunof's ghost casts a spell at you. The lance of force hits you!!!
You die...

..≈.(≈≈≈≈....≈≈≈#########..PPP≈≈≈
.≈≈.≈≈≈...###..##8.≈.!.8##..≈≈P≈≈
.≈≈≈≈≈≈..## #..#...≈.....#..PPPPP
.≈.≈≈≈≈..####..#..#...#..#..P.PP≈
....≈≈≈..##....#$#...).#.#.P.≈###
...≈≈≈≈..##.≈..#.(..©....#..≈.##P
...≈≈≈......≈≈.#)#c....#$#[≈≈PPP.
###.≈≈......≈≈≈#cW#...#..#.≈≈....
###.≈≈≈≈≈≈..≈..#@(..$...©#.≈≈..##
....≈≈≈≈≈≈.....##8t?:!)8##.≈P≈.##
....≈...≈.......#########..≈≈≈.P.
....≈≈..≈...........©.....≈≈≈≈...
....≈≈≈≈≈≈...............≈≈≈≈≈≈..
≈..≈≈≈≈≈≈≈≈..............≈≈.≈≈≈≈≈
≈≈≈≈≈≈≈≈≈≈≈≈≈............≈≈.≈≈≈≈≈
≈≈≈≈≈≈≈..≈≈≈≈≈.........≈≈≈≈≈≈≈≈≈≈
≈≈≈≈≈≈≈≈≈≈≈≈≈≈≈≈.....≈≈≈≈≈≈≈≈≈≈≈≈


You could see a snapping turtle, 2 fauns, a +0 spectral quarterstaff (summoned)
and Lyfunof's ghost.

Vanquished Creatures
  Vashnia (Snake:4)
  A kraken (Shoals:1)
  14 nagarajas
  Azrael (Snake:1)
  Josephine (Lair:5)
  2 fire dragons
  6 naga warriors
  7 hydras
  2 boulder beetles
  An ogre mage (D:15)
  A catoblepas (Lair:3)
  2 centaur warriors
  19 anacondas
  4 merfolk aquamancers
  A tengu warrior (Depths:1)
  A merfolk avatar (Shoals:1)
  A satyr (Shoals:2)
  2 two-headed ogres
  Urug (Lair:5)
  17 naga sharpshooters
  4 shock serpents
  2 salamander mystics (Snake:3)
  3 unseen horrors
  3 skeletal warriors (D:13)
  3 sea snakes
  8 naga ritualists
  A wizard (Depths:1)
  A lindwurm (Lair:6)
  An orc knight (D:15)
  9 ugly things
  11 mana vipers
  A wolf spider (Lair:6)
  4 cyclopes
  4 salamanders
  4 fauns (Shoals:1)
  4 elephants (Lair:6)
  3 centaur zombies
  14 guardian serpents
  15 naga magi
  37 black mambas
  3 water nymphs
  4 torpor snails (Lair:6)
  10 cane toads
  8 kobold demonologists
  Maggie (D:9)
  6 komodo dragons
  2 rime drakes
  2 efreet (D:15)
  4 trolls
  3 tyrant leeches (Lair:6)
  8 merfolk
  11 hornets
  2 wind drakes (Shoals:2)
  3 polar bears
  2 snapping turtles (Shoals:1)
  A slime creature (D:13)
  36 blink frogs
  8 dream sheep
  2 redbacks (Lair:6)
  9 water elementals (Shoals:1)
  16 wyverns
  2 vampires
  7 wraiths
  56 yaks
  A fire elemental (Snake:1)
  3 basilisks
  3 vampire mosquitoes
  42 nagas
  Edmund (D:4)
  A warg (D:15)
  3 hell hounds (Snake:1)
  23 water moccasins
  A meliai simulacrum (D:15)
  4 sky beasts
  3 eyes of draining
  14 orc warriors
  3 ice beasts
  10 ogres
  3 phantoms
  12 wolves
  10 centaurs
  9 big kobolds
  A gnoll sergeant (D:11)
  22 bullfrogs
  3 water moccasin zombies
  6 scorpions
  A water moccasin skeleton (D:4)
  11 killer bees
  7 wights
  3 lava snakes (D:13)
  A quasit (D:12)
  5 jellies
  A bullfrog zombie (D:11)
  15 orc wizards
  4 centaur skeletons
  7 orc priests
  2 bullfrog skeletons
  4 hounds
  Jessica (D:3)
  2 iguanas
  4 hell rats (Lair:6)
  5 worker ants
  Robin (D:2)
  17 adders
  9 gnolls
  4 river rats (Lair:6)
  2 shadow imps
  A howler monkey simulacrum (D:8)
  3 white imps (D:8)
  An ufetubus (D:9)
  An adder skeleton (D:5)
  4 worms
  2 dart slugs
  6 leopard geckos
  46 orcs
  3 ball pythons
  7 giant cockroaches
  21 goblins
  16 hobgoblins
  21 jackals
  2 quokkas
  13 bats
  7 frilled lizards
  32 kobolds
  A leopard gecko skeleton (D:6)
  7 rats
  A fire vortex (D:13)
  A lurking horror (Lair:3)
  2 tentacles (Shoals:1)
905 creatures vanquished.

Vanquished Creatures (others)
  A manticore (D:15)
  A komodo dragon (Lair:6)
  A basilisk (Lair:6)
  2 nagas
  3 kobolds
  14 fungi
  103 plants
  4 tentacles (Shoals:1)
129 creatures vanquished.

Grand Total: 1034 creatures vanquished

Notes
Turn   | Place    | Note
-------+----------+-------------------------------------------
     0 | D:1      | bigdumb the Draconian Fighter began the quest for the Orb.
     0 | D:1      | Reached XP level 1. HP: 19/19 MP: 1/1
   111 | D:1      | Reached XP level 2. HP: 26/26 MP: 2/2
   470 | D:1      | Reached XP level 3. HP: 17/31 MP: 3/3
  1078 | D:2      | Noticed Robin
  1079 | D:2      | Reached XP level 4. HP: 40/40 MP: 4/4
  1124 | D:2      | Killed Robin
  1630 | D:3      | Noticed an ogre
  1665 | D:3      | Killed an ogre
  1666 | D:3      | Reached skill level 4 in Fighting
  1666 | D:3      | Reached XP level 5. HP: 12/46 MP: 5/5
  2092 | D:3      | Noticed Jessica
  2102 | D:3      | Killed Jessica
  2103 | D:3      | Reached XP level 6. HP: 52/53 MP: 6/6
  2409 | D:3      | Found a shimmering blue altar of Sif Muna.
  2435 | D:3      | Found a faded altar of an unknown god.
  2718 | D:3      | Found an iron altar of Okawaru.
  3785 | D:4      | Noticed Edmund
  3799 | D:4      | Killed Edmund
  3800 | D:4      | Your scales start taking on a rich purple colour.
  3800 | D:4      | Reached XP level 7. HP: 54/60 MP: 7/7
  3848 | D:4      | Reached skill level 5 in Fighting
  3848 | D:4      | Reached skill level 5 in Shields
  4320 | D:5      | Entered Level 5 of the Dungeon
  4479 | D:5      | Reached skill level 5 in Polearms
  5184 | D:5      | Reached XP level 8. HP: 61/69 MP: 8/8
  5774 | D:6      | Found a glowing drain.
  5797 | Sewer    | Entered a sewer
  6453 | D:6      | Reached skill level 6 in Fighting
  6677 | D:6      | Reached skill level 5 in Dodging
  7118 | D:6      | Found a stormy altar of Qazlal.
  7129 | D:6      | Reached XP level 9. HP: 54/77 MP: 9/9
  7640 | D:7      | Found a runed translucent gate.
  7640 | D:7      | Found a runed translucent gate.
  7642 | D:7      | Found a runed translucent gate.
  7642 | D:7      | Found an opulent altar of Gozag.
  7643 | D:7      | Noticed a meliai
  7644 | D:7      | Noticed Diggabert's ghost (amateur MfFi)
  7655 | D:7      | Noticed a yaktaur
  7696 | D:7      | Found a staircase to the Ecumenical Temple.
  7715 | Temple   | Entered the Ecumenical Temple
  8057 | D:7      | Reached skill level 7 in Fighting
  8237 | D:7      | Found a shadowy altar of Dithmenos.
  8238 | D:7      | Found an opulent altar of Gozag.
  8367 | D:7      | Noticed a two-headed ogre
  8479 | D:7      | Noticed a swamp dragon
  8649 | D:8      | Found Vaot's General Store.
  8691 | D:8      | Identified a scroll of acquirement
  8691 | D:8      | Acquired 1063 gold pieces
  8703 | D:8      | Bought a potion of mutation for 112 gold pieces
  8703 | D:8      | Gained mutation: You are dopey. (Int -2) [potion of
                  | mutation]
  8703 | D:8      | Gained mutation: You are robust. (+10% HP) [potion of
                  | mutation]
  8755 | D:8      | Found a stormy altar of Qazlal.
  8936 | D:8      | Noticed a polar bear
  9071 | D:9      | Noticed Maggie
  9092 | D:9      | Killed Maggie
  9094 | D:9      | Noticed a cyclops
  9109 | D:9      | Killed a cyclops
  9224 | D:9      | Reached XP level 10. HP: 89/96 MP: 10/10
  9302 | D:9      | Reached skill level 8 in Fighting
 10103 | D:9      | Found a glowing golden altar of the Shining One.
 10103 | D:9      | Found a glowing silver altar of Zin.
 10103 | D:9      | Found a white marble altar of Elyvilon.
 10329 | D:9      | Found a sacrificial altar of Ru.
 10357 | D:10     | Entered Level 10 of the Dungeon
 10455 | D:10     | Reached skill level 9 in Fighting
 10764 | D:10     | Reached skill level 10 in Polearms
 10857 | D:10     | Found a staircase to the Lair.
 11096 | D:10     | Found Wotooq's Antique Armour Boutique.
 11366 | D:11     | Found Awkinoon's Weapon Emporium.
 11370 | D:11     | Bought the +8 demon trident "Rift" {distort, reach+} for
                  | 1267 gold pieces
 11370 | D:11     | Found the +8 demon trident "Rift" {distort, reach+}
 11374 | D:11     | Noticed a two-headed ogre
 11384 | D:11     | Killed a two-headed ogre
 11385 | D:11     | Reached XP level 11. HP: 56/106 MP: 11/11
 11677 | D:11     | Noticed a white ugly thing
 11686 | D:11     | Killed a white ugly thing
 11799 | D:11     | Reached skill level 10 in Fighting
 11863 | D:11     | Found a staircase to the Orcish Mines.
 11931 | D:11     | Reached skill level 10 in Shields
 12058 | D:11     | Found Viruer's Magic Scroll Shoppe.
 12064 | D:11     | Bought a scroll of teleportation for 39 gold pieces
 12092 | D:11     | Found Ycimyow's Gadget Boutique.
 12122 | D:11     | Found a runed translucent door.
 12123 | D:11     | Noticed Ekaitz's ghost (journeyman DsFE)
 12530 | D:11     | Noticed a white ugly thing
 12546 | D:11     | Killed a white ugly thing
 13394 | D:12     | You fall into a shaft and drop 1 floor!
 13394 | D:13     | Noticed a two-headed ogre
 13395 | D:13     | Noticed a phantasmal warrior
 13461 | D:13     | Killed an unseen horror
 13734 | D:13     | Reached skill level 11 in Fighting
 13750 | D:13     | Reached XP level 12. HP: 105/121 MP: 12/12
 13903 | D:13     | Killed a two-headed ogre
 13951 | D:13     | Noticed a six-headed hydra
 14102 | D:12     | Killed a six-headed hydra
 14103 | D:12     | Reached skill level 12 in Fighting
 15177 | D:13     | Found a gate to the Vaults.
 15404 | D:14     | Noticed a centaur warrior
 15415 | D:14     | Found a blossoming altar of Fedhas.
 15420 | D:14     | Killed a centaur warrior
 15756 | D:14     | Reached XP level 13. HP: 130/130 MP: 13/13
 15982 | D:15     | Entered Level 15 of the Dungeon
 16000 | D:15     | Reached skill level 13 in Fighting
 16642 | D:15     | Noticed a fire dragon
 18511 | D:15     | Found a staircase to the Depths.
 18771 | D:15     | Killed a fire dragon
 18918 | Depths:1 | Entered Level 1 of the Depths
 18962 | Depths:1 | Noticed a stone giant
 19823 | Lair:1   | Entered Level 1 of the Lair of Beasts
 20009 | Lair:1   | Reached skill level 14 in Fighting
 20675 | Lair:2   | Found a staircase to the Shoals.
 20699 | Lair:2   | Reached XP level 14. HP: 146/146 MP: 14/14
 20770 | Shoals:1 | Entered Level 1 of the Shoals
 21835 | Lair:3   | Found a one-way gate to the infinite horrors of the Abyss.
 22046 | Lair:3   | Found a corrupted altar of Lugonu.
 22105 | Lair:3   | Found a staircase to the Snake Pit.
 22170 | Lair:3   | Reached skill level 15 in Fighting
 22727 | Snake:1  | Entered Level 1 of the Snake Pit
 25173 | Lair:5   | Noticed Urug
 25186 | Lair:5   | Killed Urug
 25187 | Lair:5   | Reached skill level 16 in Fighting
 25784 | Lair:5   | Noticed Josephine
 25799 | Lair:5   | Reached skill level 15 in Polearms
 25808 | Lair:5   | Killed Josephine
 26073 | Lair:6   | Entered Level 6 of the Lair of Beasts
 26113 | Lair:6   | Reached XP level 15. HP: 155/158 MP: 15/15
 26778 | Lair:6   | Found a viscous altar of Jiyva.
 26778 | Lair:6   | Found a staircase to the Slime Pits.
 27540 | Lair:6   | Found a runed translucent door.
 27590 | Lair:6   | Reached skill level 17 in Fighting
 29323 | Snake:1  | Noticed Aizul
 29326 | Snake:1  | Banished Aizul
 29372 | Snake:1  | Noticed Azrael
 29384 | Snake:1  | Killed Azrael
 29699 | Snake:2  | Noticed a nagaraja
 29710 | Snake:2  | Found a shimmering altar of Xom.
 29710 | Snake:2  | Noticed a nagaraja
 29734 | Snake:2  | Killed a nagaraja
 29740 | Snake:2  | Noticed a nagaraja
 29746 | Snake:2  | Killed a nagaraja
 29758 | Snake:2  | Killed a nagaraja
 30064 | Snake:2  | Reached XP level 16. HP: 125/172 MP: 16/16
 30550 | Snake:2  | Found Withre Nuth's General Store.
 30568 | Snake:2  | Bought a scroll of acquirement for 780 gold pieces
 30918 | Snake:2  | Reached skill level 18 in Fighting
 31470 | Snake:3  | Found Cecops's Book Emporium.
 31470 | Snake:3  | Found Serhaqi's Jewellery Shoppe.
 31471 | Snake:3  | Found Hiomips's General Store.
 31484 | Snake:3  | Found Axzohuci's Book Emporium.
 31487 | Snake:3  | Bought a scroll of enchant armour for 82 gold pieces
 31800 | Snake:3  | Acquired 433 gold pieces
 31801 | Snake:3  | Acquired 757 gold pieces
 31805 | Snake:3  | Bought a manual of Dodging for 2097 gold pieces
 31833 | Snake:3  | Reached skill level 10 in Dodging
 32650 | Snake:4  | Entered Level 4 of the Snake Pit
 32650 | Snake:4  | Noticed Vashnia
 32675 | Snake:4  | Killed Vashnia
 33992 | Snake:4  | Reached XP level 17. HP: 182/182 MP: 17/17
 34436 | Snake:4  | Reached skill level 15 in Shields
 35288 | Snake:4  | Got a serpentine rune of Zot
 36524 | Shoals:1 | Noticed a kraken
 36543 | Shoals:1 | Killed a kraken
 36544 | Shoals:1 | Reached skill level 15 in Dodging
 36745 | Shoals:1 | Reached skill level 19 in Fighting
 37168 | Shoals:2 | Noticed a kraken
 37171 | Shoals:2 | Banished a kraken
 37187 | Shoals:2 | Noticed Lyfunof's ghost (adept DrFE)
 37199 | Shoals:2 | Found a transporter.
 37217 | Shoals:2 | Found a transporter.
 37324 | Shoals:2 | Killed from afar by Lyfunof's ghost

Illustrated notes

Levels and vault maps discovered:
D:1:      tarquinn_simple_flora_water_f, layout_rooms, serial_bayou_pond_e
D:2:      layout_rooms, uniq_robin
D:3:      layout_basic, kennysheep_okawaru_gauntlet, lemuel_round_altar,
          chequers_ecumenical_altar_twisty, minmay_box_of_dots, uniq_jessica
D:4:      layout_gridville, uniq_edmund
D:5:      layout_loops_corners
D:6:      layout_loops_ring, cheibrodos_sewer_entry_drain, minmay_ruined_shrine
D:7:      layout_basic, gammafunk_temple_overflow_statue,
          minmay_temple_entry_antechambers, ebering_ghost_gozag
D:8:      layout_basic, chequers_temple_overflow_statue_of_worship,
          general_overflow_altar, serial_shops, nicolae_shop_trees, serial_ice,
          serial_ice_m, serial_ice_k, serial_ice_b, serial_ice_h, serial_ice_g,
          serial_ice_o, serial_ice_a, serial_ice_f
D:9:      layout_roguey, good_gods_mini_temple, kennysheep_mini_moat,
          hangedman_fish_farm, uniq_maggie
D:10:     layout_small_grid, david_lair_shrubbed, serial_shops, shop
D:11:     minmay_octagon_keep, layout_long_grid,
          kennysheep_orc_monster_closet_entryway, enter_bailey_5, serial_shops,
          shop, nicolae_shop_behind_doors, nicolae_shop_waterfront,
          gammafunk_ghost_grave
D:12:     layout_stronghold
D:13:     layout_basic, david_vaults_4
D:14:     layout_cave_pools, fedhas_altar_4, minmay_misc_feat_nine_boxes
D:15:     grunt_enter_depths_hoard, layout_rooms, minmay_misc_feat_encased,
          nrook_mini_vaults, minmay_bent
Temple:   compressed_dpeg_triangle_lava_temple
Lair:1:   layout_misc_corridors, serial_bayou_pond_b
Lair:2:   layout_cave_pods, shoals_dummy_entry
Lair:3:   layout_chaotic_city, guppyfry_snake_entry_island,
          chequers_serial_rivers_micro_a, amcnicky_altar_lugonu_corruption,
          serial_bayou_shore_b
Lair:4:   layout_layer_cave
Lair:5:   layout_regular_city, uniq_josephine, uniq_urug
Lair:6:   hangedman_lair_tendril_chambers, layout_layer_cave, wormcave,
          dpeg_slime_entry_enclosed_altar, kennysheep_abandoned_house
Shoals:1: layout_shoals, portal_ice_cave_entry_ugly_swarm
Shoals:2: layout_shoals, gammafunk_ghost_arena
Snake:1:  layout_misc_corridors, nrook_guardian_serpent_double, uniq_aizul,
          uniq_azrael
Snake:2:  skrybe_snakes_to_sticks, layout_layer_cave, serial_shops, shop_statue
Snake:3:  layout_onion, minmay_shoptagon
Snake:4:  grunt_snake_rune_serpentine_throne, layout_cave_town, uniq_vashnia
Depths:1: layout_twisted_cross, serial_shops, shop, rand_demon_pan_entry_4,
          minmay_misc_feat_enclosed, hell_entry, abyss_entry_small_statue_room,
          minmay_shop_enchanted_jewellery, grunt_ministairs_3, pandoras_box_mu

Skill      XL: |  1  2  3  4  5  6  7  8  9 10 11 12 13 14 15 16 17 |
---------------+----------------------------------------------------+-----
Dodging        | 3 4 5 6 7 8 9 14 15 | 15.2
Polearms       | 3 4 5 6 8 10 11 13 14 15 16 | 16.6
Fighting       | 4 5 6 7 9 11 12 14 16 17 18 19 | 19.0
Shields        | 4 5 7 8 9 10 11 12 13 14 15 | 15.7

Action                   |  1- 3 |  4- 6 |  7- 9 | 10-12 | 13-15 | 16-18 || total
-------------------------+-------+-------+-------+-------+-------+-------++-------
Melee: Trident           |   128 |   246 |   568 |       |       |       ||   942
       Tailslap          |    10 |    20 |    50 |    61 |    86 |    65 ||   292
       Demon trident     |       |       |    56 |   706 |  1151 |   921 ||  2834
  Use: Potion            |       |     5 |     6 |     2 |     1 |     7 ||    21
       Scroll            |       |     6 |     4 |    11 |    11 |     6 ||    38
 Stab: Sleeping          |       |     2 |       |     1 |     2 |     1 ||     6
       Distracted        |       |       |       |       |     1 |     1 ||     2
Armor: Skin              |    45 |    36 |   107 |    44 |    38 |    27 ||   297
Dodge: Dodged            |    57 |    50 |    87 |    91 |   158 |   182 ||   625
Block: Kite shield       |    87 |    34 |       |       |       |       ||   121
       Reflection        |     2 |     1 |    20 |    53 |    53 |    95 ||   224
       Tower shield      |       |   198 |   524 |   470 |   517 |   523 ||  2232
